 Dungeon Crawl Stone Soup version 0.29.1-2-gbd0b4ee654 (webtiles) character file.

Game seed: 2916470949640827587

725 warriortoast the Digger (level 7, -5/41 HPs)
             Began as a Gargoyle Earth Elementalist on Nov 23, 2022.
             Was an Initiate of Ashenzari.
             Slain by a two-headed ogre
             ... wielding a +0 giant spiked club
              (31 damage)
             ... on level 5 of the Dungeon.
             The game lasted 00:11:14 (4218 turns).

warriortoast the Digger (GrEE)                      Turns: 4218, Time: 00:11:14

Health: -5/41      AC:  7    Str: 12    XL:     7   Next: 72%
Magic:  1/12       EV: 12    Int: 17    God:    Ashenzari [......]
Gold:   236        SH:  0    Dex: 10    Spells: 7/13 levels left

rFire   . . .      SeeInvis .   c - +2 short sword (protect)
rCold   . . .      Faith    .   (no shield)
rNeg    + . .      Spirit   .   a - +0 robe
rPois   ∞          Reflect  .   p - +0 helmet of the Eye in the Sky {Melee, Evo} (curse)
rElec   +          Harm     .   (no cloak)
rCorr   .          Rampage  .   (no gloves)
Will    .....                   (no boots)
Stlth   +.........              (no amulet)
HPRegen 0.13/turn               (no ring)
MPRegen 0.13/turn               (no ring)

@: very slow
A: sickness immunity, AC +4, negative energy resistance 1, electricity
resistance, torment resistance 1, petrification resistance
a: Renounce Religion, Shatter the Chains


You were on level 5 of the Dungeon.
You worshipped Ashenzari.
Ashenzari was noncommittal.
You visited 2 branches of the dungeon, and saw 6 of its levels.

You collected 236 gold pieces.

Inventory:

Hand Weapons
 c - a +2 short sword of protection (weapon)
 n - a +0 morningstar
Missiles
 j - a throwing net
 u - 6 silver javelins
Armour
 a - a +0 robe (worn)
 p - the cursed +0 helmet of the Eye in the Sky (worn) {Melee, Evo}
   (You took it off Robin on level 2 of the Dungeon)

   It has a curse which improves the following skills: Melee Combat: Short
   Blades, Long Blades, Axes, Maces & Flails, Polearms, Staves and Unarmed
   Combat.
   Evocations: Evocations.
 C - a +0 helmet
Jewellery
 y - a ring of positive energy
 A - a +4 ring of protection
Wands
 v - a wand of paralysis (8)
Scrolls
 d - a scroll of magic mapping
 g - a scroll of teleportation
 h - 5 scrolls of immolation {unknown}
 i - a scroll of blinking {unknown}
 k - a scroll of poison {unknown}
 m - a scroll of torment {unknown}
 r - 3 scrolls of identify {unknown}
 s - a scroll of noise {unknown}
 t - a scroll of enchant weapon {unknown}
 x - a scroll of butterflies {unknown}
 B - a scroll of vulnerability {unknown}
Potions
 b - a potion of magic
 e - 3 potions of curing
 f - a potion of brilliance {unknown}
 l - 2 potions of haste {unknown}
 o - 2 potions of flight {unknown}
 q - 2 potions of might {unknown}
 w - a potion of degeneration {unknown}
 z - a potion of ambrosia {unknown}


   Skills:
 + Level 3.5 Fighting
 + Level 3.0 Dodging
 + Level 4.3 Stealth
 + Level 3.5 Spellcasting
 + Level 2.8 Transmutations
 + Level 5.4 Earth Magic


You had 7 spell levels left.
You knew the following spells:

 Your Spells              Type           Power      Damage    Failure   Level
a - Sandblast             Erth           42%        2d11      1%          1
b - Stone Arrow           Conj/Erth      24%        3d8       16%         3
c - Passwall              Tmut/Erth      14%        N/A       4%          2

Your spell library contained the following spells:

 Spells                   Type           Power      Damage    Failure   Level
 Magic Dart               Conj           12%        1d3       17%         1
 Shock                    Conj/Air       12%        1d3       17%         1
 Call Imp                 Summ           3%         N/A       26%         2
 Petrify                  Tmut/Erth      17%        N/A       30%         4
 Gell's Gravitas          Tloc           3%         N/A       45%         3
 Lesser Beckoning         Tloc           3%         N/A       45%         3
 Mephitic Cloud           Conj/Pois/Air  3%         N/A       45%         3
 Swiftness                Air            3%         N/A       45%         3
 Teleport Other           Tloc           3%         N/A       45%         3
 Airstrike                Air            1%         2d(1-17)  86%         4


Dungeon Overview and Level Annotations

Branches:
Dungeon (5/15)             Temple (1/1) D:4

Altars:
Ashenzari
Cheibriados
Dithmenos
Elyvilon
Fedhas
Gozag
Kikubaaqudgha
Ru
Sif Muna
Trog
Uskayaw
Vehumet
Xom
Zin

Shops:
D:1 [   D:4 =

Annotations:
D:5 Edmund


Innate Abilities, Weirdness & Mutations

You are immune to sickness and miasma.
Your stone body is resilient. (AC +4)
You are immune to poison.
You resist negative energy. (rN+)
You are resistant to electric shocks. (rElec)
You are resistant to unholy torment.
You are immune to petrification.


Message History

Casting: Stone Arrow (dangerous; 16% risk of failure)
Confirm with . or Enter, or press ? or * to list all spells.
Aiming: Stone Arrow (dangerous; 16% risk of failure)
Press: ? - help, Shift-Dir - straight line, f/p - Edmund
Aim: Edmund, wielding a +2 dire flail of protection and wearing a +0 scale mail (lightly wounded, 72% to hit)
The stone arrow hits Edmund.
Edmund is lightly wounded.
Edmund says, "Everyone always remembers my brother. 'Who's Edmund?' they ask!"
Unknown command.
Casting: Stone Arrow (dangerous; 16% risk of failure)
Confirm with . or Enter, or press ? or * to list all spells.
Aiming: Stone Arrow (dangerous; 16% risk of failure)
Press: ? - help, Shift-Dir - straight line, f/p - Edmund
Aim: Edmund, wielding a +2 dire flail of protection and wearing a +0 scale mail (lightly wounded, 72% to hit)
The stone arrow hits Edmund.
Edmund is moderately wounded.
Edmund hits you with a +2 dire flail of protection!
Casting: Stone Arrow (dangerous; 16% risk of failure)
Confirm with . or Enter, or press ? or * to list all spells.
Aiming: Stone Arrow (dangerous; 16% risk of failure)
Press: ? - help, Shift-Dir - straight line, f/p - Edmund
Aim: Edmund, wielding a +2 dire flail of protection and wearing a +0 scale mail (moderately wounded, 72% to hit)
The stone arrow hits Edmund!
Edmund is heavily wounded.
Edmund barely misses you.
As you read the scroll of teleportation, it crumbles to dust.
You feel strangely unstable. Edmund closely misses you.
Your surroundings suddenly seem different.
Splash!
You fall into the shallow water.
Moving in this stuff is going to be slow.
A two-headed ogre comes into view.
It is wielding a +0 giant spiked club and a +0 giant club.
Found a scroll labelled SUMIT QIKAYRRI and a pair of gloves.
The two-headed ogre shouts in stereo!
The two-headed ogre attacks as you move away!
The two-headed ogre barely misses you. The two-headed ogre closely misses you.
The two-headed ogre attacks as you move away!
The two-headed ogre hits you with a +0 giant spiked club!!
Ouch! That really hurt!
You die...

#...>.......#.......
....................
.#..........##########
...............#.....##
#.....................##
...###..<..............#
#@## .#...............#
.!.# # ...[..........#
....# .......@O~~..?#
.##.... .....~~~≈≈~...#
~ ...## ...~~~≈≈≈≈~..##
~ ~~## ~~~~≈≈≈≈~~..## ≈
≈~~ ~≈≈≈≈≈~~~#### ≈ ≈≈≈≈
≈≈≈≈~~~### ~ ~≈≈≈≈
≈~~~~## ~~###


You could see a two-headed ogre.

Vanquished Creatures
  Grinder (D:4)
  A phantom (D:4)
  A bullfrog (D:4)
  A jelly (D:4)
  3 hounds
  Jessica (D:2)
  Terence (D:2)
  Natasha (D:3)
  An orc wizard (D:5)
  Robin (D:2)
  9 adders
  2 worms
  4 orcs (D:5)
  7 endoplasms
  2 giant cockroaches (D:1)
  13 goblins
  8 hobgoblins
  6 kobolds
  5 quokkas
  5 bats
  4 frilled lizards
  5 rats
82 creatures vanquished.

Notes
Turn   | Place    | Note
-------+----------+-------------------------------------------
     0 | D:1      | warriortoast the Gargoyle Earth Elementalist began the
                  | quest for the Orb.
     0 | D:1      | Reached XP level 1. HP: 10/10 MP: 3/3
   286 | D:1      | Reached XP level 2. HP: 16/16 MP: 0/5
   384 | D:1      | Reached skill level 1 in Transmutations
   486 | D:1      | Found Orile's Antique Armour Emporium.
   846 | D:1      | Reached skill level 1 in Fighting
   846 | D:1      | Reached XP level 3. HP: 20/20 MP: 4/6
   921 | D:1      | Found a faded altar of an unknown god.
  1027 | D:1      | Learned a level 3 spell: Stone Arrow
  1030 | D:1      | Learned a level 2 spell: Passwall
  1129 | D:2      | Reached skill level 4 in Earth Magic
  1175 | D:2      | Noticed Jessica
  1177 | D:2      | Killed Jessica
  1178 | D:2      | Reached XP level 4. HP: 25/25 MP: 4/7
  1259 | D:2      | Noticed Terence
  1282 | D:2      | Killed Terence
  1629 | D:2      | Noticed Robin
  1956 | D:2      | Killed Robin
  1957 | D:2      | Reached XP level 5. HP: 21/30 MP: 4/8
  2418 | D:2      | Found a glowing silver altar of Zin.
  2892 | D:3      | Noticed Natasha
  2921 | D:3      | Killed Natasha
  3063 | D:4      | Found a staircase to the Ecumenical Temple.
  3063 | D:4      | Found a snail-covered altar of Cheibriados.
  3068 | Temple   | Entered the Ecumenical Temple
  3090 | Temple   | Became a worshipper of Ashenzari the Shackled
  3238 | D:4      | Reached XP level 6. HP: 35/36 MP: 4/10
  3622 | D:4      | Found Xafodwis's Jewellery Shoppe.
  3639 | D:4      | Noticed Grinder
  3639 | D:4      | Paralysed by Grinder for 2 turns
  3649 | D:4      | Killed Grinder
  3650 | D:4      | Reached skill level 5 in Earth Magic
  3650 | D:4      | Reached XP level 7. HP: 38/41 MP: 3/12
  3859 | D:5      | Entered Level 5 of the Dungeon
  4154 | D:5      | Noticed Edmund
  4214 | D:5      | Noticed a two-headed ogre
  4218 | D:5      | Slain by a two-headed ogre

Illustrated notes

Levels and vault maps discovered:
D:1:      minmay_arrival_four_circles, layout_rooms,
          shapermc_ecumenical_altar_totnotflames, serial_shops, shop,
          minmay_misc_feat_chi, minmay_octomino_j4
D:2:      layout_basic, basic_altar, uniq_jessica, uniq_robin, uniq_terence
D:3:      layout_rooms, uniq_natasha
D:4:      layout_cave_pools, old_standard_altar,
          minmay_temple_entry_butterflies, serial_shops, nicolae_lakefront_shop,
          serial_park, serial_park_fountain, serial_park_tiny_1,
          serial_park_tiny_pond, serial_park_tiny_pond, uniq_grinder
D:5:      wander_river, layout_rooms, uniq_ijyb, uniq_edmund, uniq_blork_the_orc
Temple:   eino_wide_crystal_templ

Skill      XL: |  1  2  3  4  5  6  7 |
---------------+----------------------+-----
Transmutations | 1 2 |  2.8
Fighting       | 1 2 3 |  3.5
Earth Magic    | 4 5 |  5.4
Dodging        | 2 3 |  3.0
Stealth        | 3 4 |  4.3
Spellcasting   | 3 |  3.5

Action                   |  1- 3 |  4- 6 |  7- 9 || total
-------------------------+-------+-------+-------++-------
Melee: Short sword       |       |    29 |       ||    29
Throw: Javelin           |       |       |     5 ||     5
 Cast: Sandblast         |    42 |    85 |    18 ||   145
       Stone Arrow       |       |       |     6 ||     6
Invok: Curse Item        |       |     1 |       ||     1
  Use: Scroll            |       |     2 |     1 ||     3
Armor: Robe              |     2 |    35 |     4 ||    41
Dodge: Dodged            |     9 |    59 |    16 ||    84
